Map: Oxide LE

Players

BlyOnFire (Bly)

  • Race: Zerg Zerg
  • Spawn Location: 1:00

ArT - Winner!

  • Race: Protoss Protoss
  • Spawn Location: 7:00

Event: DreamHack SC2 Masters 2020 Winter

VOD

Have the link to the VOD?

Description

Time

  • Played on: Oct. 14, 2020, 2:07 p.m.
  • Length: 15:09

All games in this series

Show
View Real Time Build Order
Export as new Build Order

BlyOnFire Zerg 

Build Orders: Hatch First, Muta Ling Bane 

Get SALT Encoding   

  12  0:00  Drone  
  13  0:14  Overlord  
  13  0:18  Drone  
  14  0:32  Drone x2  
  16  0:49  Hatchery  
  15  0:53  Drone  
  16  1:05  Drone  
  17  1:23  Drone x2  
  17  1:24  Spawning Pool  
  18  1:31  Extractor  
  17  1:36  Drone x2  
  19  1:53  Drone  
  20  1:55  Hatchery  
  20  1:57  Drone  
  20  2:05  Drone  
  20  2:07  Drone  
  22  2:15  Zergling x2  
  23  2:20  Queen  
  25  2:27  Queen  
  27  2:33  Overlord  
  27  2:39  Metabolic Boost  
  27  2:42  Drone  
  28  2:55  Zergling x4  
  30  2:59  Drone x4  
  30  3:03  Queen  
  35  3:11  Drone x3  
  38  3:17  Drone x2  
  40  3:20  Drone  
  41  3:27  Overlord  
  41  3:28  Overlord  
  41  3:34  Overlord  
  41  3:39  Overlord  
  41  3:46  Drone x5  
  46  3:48  Queen  
  46  3:53  Drone x2  
  50  3:57  Spore Crawler  
  50  3:59  Spore Crawler  
  50  4:00  Spore Crawler  
  47  4:05  Drone x3  
  50  4:12  Queen  
  50  4:13  Overlord  
  52  4:19  Zergling x8  
  54  4:25  Drone x3  
  57  4:32  Roach Warren  
  57  4:34  Drone  
  57  4:35  Drone x3  
  57  4:36  Drone  
  61  4:38  Extractor  
  61  4:41  Spine Crawler  
  59  4:48  Overlord x2  
  59  4:51  Zergling x8  
  63  4:57  Overlord  
  62  5:06  Extractor  
  61  5:13  Roach x10  
  80  5:18  Drone  
  80  5:19  Drone x3  
  84  5:30  Overlord  
  84  5:35  Roach x3  
  88  5:36  Overlord  
  83  5:51  Roach x7, Overlord  
  83  5:53  Overlord  
  83  5:54  Evolution Chamber  
  96  6:10  Drone x8  
  95  6:14  Drone  
  95  6:15  Drone  
  97  6:22  Drone  
  97  6:25  Lair  
  95  6:27  Drone x3  
  95  6:28  Extractor x2  
  96  6:36  Zergling x4  
  95  6:52  Drone  
  95  6:53  Drone x6  
  102  6:59  Overlord  
  102  7:04  Overlord  
  102  7:07  Drone x4  
  102  7:09  Extractor  
  102  7:13  Drone  
  102  7:14  Drone x2  
  103  7:23  Glial Reconstitution  
  103  7:26  Spire  
  103  7:27  Drone x5  
  107  7:31  Hatchery  
  106  7:38  Drone  
  106  7:39  Drone x6  
  106  7:42  Overseer  
  113  7:47  Overseer  
  114  7:51  Spire  
  114  7:53  Zergling x10  
  114  7:54  Baneling Nest  
  114  7:56  Evolution Chamber, Overlord  
  116  7:58  Overlord  
  116  8:12  Overlord  
  116  8:23  Zerg Melee Weapons Level 1  
  116  8:38  Centrifical Hooks  
  116  8:40  Zergling x32  
  131  8:45  Drone x6  
  131  8:46  Hatchery  
  136  9:00  Extractor x2  
  134  9:07  Ravager x5  
  134  9:08  Baneling x10  
  139  9:10  Zerg Flyer Weapons Level 1  
  139  9:14  Mutalisk x6  
  151  9:22  Drone x8  
  151  9:23  Drone x2  
  158  9:24  Spore Crawler  
  158  9:26  Spore Crawler  
  158  9:29  Drone  
  158  9:30  Drone  
  158  9:31  Drone  
  160  9:32  Overlord  
  160  9:33  Overlord x3  
  160  9:38  Infestation Pit  
  157  10:02  Mutalisk x8  
  170  10:19  Zerg Melee Weapons Level 2, Zergling x28  
  182  10:31  Baneling x14  
  182  10:32  Baneling x4  
  182  10:34  Zergling x10  
  187  10:35  Overlord  
  187  10:42  Overlord  
  187  10:44  Hatchery  
  187  10:45  Overlord  
  187  10:48  Overlord  
  185  10:55  Overlord  
  185  10:57  Overlord  
  173  11:07  Baneling x10  
  173  11:08  Zergling x38  
  173  11:09  Zergling x2  
  185  11:13  Ravager x4  
  173  11:30  Hatchery  
  154  11:33  Baneling x12  
  154  11:34  Roach x2  
  149  11:44  Zergling x12  
  105  11:55  Roach x4  
  103  12:07  Mutalisk x3  
  82  12:28  Ravager x3  
  82  12:29  Roach x2  
  81  12:46  Mutalisk  
  81  12:47  Mutalisk x2  
  43  13:19  Drone x2  
  27  14:13  Extractor  
Show
View Real Time Build Order
Export as new Build Order

ArT Protoss - Winner!

Build Orders: 1 Gate Expand, Oracle Opening 

Get SALT Encoding   

  12  0:00  Probe  
  13  0:12  Probe  
  14  0:19  Pylon  
  14  0:24  Probe (Chrono Boost)  
  15  0:37  Probe (Chrono Boost)  
  15  0:38  Gateway  
  16  0:45  Probe (Chrono Boost)  
  16  0:47  Assimilator  
  17  0:51  Probe  
  18  1:03  Probe  
  19  1:15  Probe  
  20  1:29  Nexus  
  20  1:40  Cybernetics Core, Probe  
  20  1:46  Assimilator  
  21  1:52  Probe  
  22  1:57  Pylon  
  22  2:04  Probe  
  23  2:14  Adept (Chrono Boost)  
  23  2:16  Probe  
  26  2:23  Stargate  
  26  2:27  Warp Gate  
  26  2:29  Probe  
  27  2:36  Adept  
  29  2:41  Probe (Chrono Boost)  
  31  2:47  Probe (Chrono Boost)  
  31  2:52  Probe (Chrono Boost)  
  31  2:54  Probe (Chrono Boost)  
  31  2:58  Void Ray (Chrono Boost)  
  33  2:59  Probe  
  35  3:05  Probe  
  35  3:11  Probe  
  40  3:16  Pylon  
  40  3:17  Probe  
  41  3:24  Gateway  
  41  3:25  Probe  
  42  3:29  Probe  
  43  3:34  Oracle  
  43  3:37  Adept, Probe  
  49  3:42  Probe  
  50  3:49  Gateway  
  50  3:52  Twilight Council  
  50  3:53  Probe  
  50  3:54  Probe  
  52  3:57  Pylon  
  52  4:06  Probe  
  53  4:11  Probe  
  54  4:21  Probe  
  54  4:22  Resonating Glaives (Chrono Boost)  
  54  4:23  Assimilator, Adept x2, Probe  
  59  4:26  Pylon  
  59  4:37  Probe x2  
  61  4:47  Adept x2  
  61  4:48  Nexus  
  61  4:49  Pylon  
  61  4:50  Adept  
  67  4:53  Assimilator  
  67  4:58  Probe  
  67  4:59  Probe  
  69  5:04  Robotics Facility  
  69  5:10  Adept  
  69  5:11  Adept x2  
  69  5:12  Probe  
  69  5:13  Probe  
  77  5:24  Probe  
  78  5:29  Pylon  
  78  5:42  Pylon, Probe x2  
  78  5:47  Forge  
  76  5:52  Sentry  
  76  5:53  Adept x2  
  76  5:54  Immortal (Chrono Boost)  
  86  5:59  Probe x2  
  86  6:00  Probe  
  86  6:02  Pylon  
  87  6:04  Blink  
  85  6:11  Probe (Chrono Boost)  
  85  6:16  Probe (Chrono Boost)  
  85  6:17  Probe (Chrono Boost)  
  82  6:21  Protoss Ground Weapons Level 1 (Chrono Boost)  
  82  6:22  Probe (Chrono Boost)  
  77  6:26  Probe x2 (Chrono Boost)  
  77  6:27  Shield Battery, Probe (Chrono Boost), Sentry x2  
  77  6:31  Immortal (Chrono Boost)  
  86  6:33  Zealot  
  86  6:35  Probe  
  86  6:37  Shield Battery  
  86  6:39  Assimilator, Probe  
  90  6:45  Assimilator  
  90  6:46  Probe  
  89  6:48  Probe  
  89  6:51  Gateway  
  89  6:53  Gateway  
  89  6:54  Probe  
  89  6:55  Gateway  
  89  6:57  Gateway  
  89  7:01  Pylon, Sentry x3  
  93  7:15  Shield Battery  
  93  7:16  Photon Cannon  
  93  7:18  Pylon  
  93  7:19  Probe x2  
  93  7:21  Warp Prism (Chrono Boost)  
  95  7:27  Robotics Bay  
  95  7:28  Robotics Facility  
  97  7:40  Phoenix (Chrono Boost)  
  97  7:43  Stalker x3  
  105  7:49  Photon Cannon  
  105  7:52  Pylon  
  105  8:04  Sentry  
  105  8:05  Stalker x2, Sentry  
  113  8:07  Charge  
  113  8:10  Observer (Chrono Boost)  
  114  8:14  Extended Thermal Lance  
  120  8:25  Probe x2  
  120  8:26  Colossus (Chrono Boost), Protoss Ground Weapons Level 2 (Chrono Boost)  
  122  8:30  Zealot  
  124  8:37  Nexus  
  124  8:38  Pylon  
  124  8:44  Stalker x2  
  134  8:49  Colossus (Chrono Boost)  
  130  9:01  Pylon  
  130  9:02  Adept x2  
  134  9:03  Pylon  
  134  9:04  Pylon  
  134  9:11  Colossus (Chrono Boost)  
  134  9:14  Nexus  
  134  9:15  Pylon  
  140  9:18  Phoenix  
  140  9:24  Pylon  
  146  9:36  Photon Cannon  
  146  9:38  Shield Battery  
  146  9:40  Photon Cannon, Stalker x2  
  146  9:41  Stalker x5, Colossus (Chrono Boost)  
  160  9:50  Gateway  
  160  9:51  Gateway, Pylon  
  160  9:56  Colossus (Chrono Boost)  
  166  10:03  Zealot  
  166  10:04  Zealot x4  
  175  10:10  Dark Shrine  
  175  10:37  Photon Cannon, Warp Prism  
  175  10:39  Assimilator  
  175  10:40  Assimilator  
  177  10:43  Photon Cannon  
  177  10:44  Stalker x3  
  177  10:45  Stalker x4  
  177  10:48  Zealot  
  179  10:59  Photon Cannon  
  179  11:01  Photon Cannon  
  166  11:08  Stalker x4  
  158  11:28  Stalker x3  
  119  11:54  Stalker x4  
  80  13:10  Probe  
  81  13:17  Dark Templar x2  
  81  13:21  Archon  
  67  14:12  Phoenix (Chrono Boost)  
  69  14:17  Cybernetics Core, Probe  
  60  14:29  Probe  
  61  14:42  Phoenix (Chrono Boost)  
Tags
 
Add a new tag
Caveats
  • Supply blocks, unpowered buildings, or Contaminate may cause inaccurate times.
  • Supply counts are checked every 10 seconds.